 Dungeon Crawl Stone Soup version 0.20-a0-751-g905781e (webtiles) character file.

193 Laan the Firebug (level 5, -1/35 HPs)
             Began as a Mummy Fire Elementalist on Feb 25, 2017.
             Slain by Grinder (3 damage)
             ... on level 2 of the Dungeon.
             The game lasted 00:05:16 (3545 turns).

Laan the Firebug (Mummy Fire Elementalist)          Turns: 3545, Time: 00:05:16

Health: -1/35      AC:  5    Str: 11    XL:     5   Next: 43%
Magic:  1/9        EV: 12    Int: 16    God:
Gold:   82         SH:  0    Dex: 12    Spells: 8/9 levels left

rFire    x . .     SeeInvis .   g - +2 hand axe (elec)
rCold    + + .     Gourm    .   k - +2 robe {Archmagi}
rNeg     + + +     Faith    .   (no shield)
rPois    ∞         Spirit   .   (no helmet)
rElec    .         Reflect  .   (no cloak)
rCorr    .         Harm     .   j - +0 pair of gloves
MR       .....                  (no boots)
Stlth    ++........             (no amulet)
Regen    0.2/turn               (no ring)
MPRegen  0.2/turn               e - ring of protection from cold

@: very slightly contaminated
A: no food or potions, fire vulnerability, cold resistance 1, negative energy
resistance 3, torment resistance, unbreathing
a: no special abilities


You were on level 2 of the Dungeon.
You were not hungry.

You visited 1 branch of the dungeon, and saw 3 of its levels.

You collected 82 gold pieces.

Inventory:

Hand Weapons
 g - a +2 hand axe of electrocution (weapon)
Armour
 a - a +0 robe
 j - a +0 pair of gloves (worn)
 k - a +2 robe of the Archmagi (worn)
Jewellery
 e - a ring of protection from cold (left hand)
Wands
 m - a wand of disintegration (12/24)
Scrolls
 c - 3 scrolls of teleportation {unknown}
 d - 4 scrolls of identify {unknown}
 f - 3 scrolls of remove curse {unknown}
 i - a scroll of noise {unknown}
 l - a scroll of immolation {unknown}
Books
 b - a book of Flames

   Spells                             Type                      Level
   a - Flame Tongue                   Conjuration/Fire             1
   b - Throw Flame                    Conjuration/Fire             2
   c - Conjure Flame                  Conjuration/Fire             3
   d - Inner Flame                    Hexes/Fire                   3
   e - Sticky Flame                   Conjuration/Fire             4
   f - Fireball                       Conjuration/Fire             5
 h - Kikubaaqudgha's Compendium of Dark Rituals
   (You found it on level 2 of the Dungeon)

   Spells                             Type                      Level
   a - Pain                           Necromancy                   1


   Skills:
 - Level 1.5 Dodging
 - Level 1.5 Stealth
 + Level 2.6 Spellcasting
 + Level 3.0 Conjurations
 + Level 4.0 Fire Magic


You had 8 spell levels left.
You knew the following spells:

 Your Spells              Type           Power        Failure   Level  Hunger
a - Flame Tongue          Conj/Fire      ###..        6%          1    N/A

Dungeon Overview and Level Annotations

Branches:
Dungeon (3/15)

Altars:
Kikubaaqudgha
Makhleb
Sif Muna
Vehumet

Annotations:
D:2 Grinder


Innate Abilities, Weirdness & Mutations

You do not eat or drink.
Your flesh is vulnerable to fire.
You are immune to poison.
Your flesh is cold resistant. (rC+)
You are immune to negative energy. (rN+++)
You are immune to unholy pain and torment.
You can survive without breathing.


Message History

Grinder completely misses you.
You hit Grinder.
Grinder is heavily wounded.
Grinder hits you! Grinder hits you.
You hit Grinder.
Grinder is severely wounded.
Grinder hits you.
You closely miss Grinder.
Grinder is severely wounded.
Grinder hits you.
You hit Grinder.
Grinder is severely wounded.
Grinder hits you.
* * * LOW HITPOINT WARNING * * *
You barely miss Grinder.
Grinder is severely wounded.
Grinder hits you.
* * * LOW HITPOINT WARNING * * *
Grinder hits you.
You die...

######## ###..............
.......###### ###...>.).#########
............###...###...#
.......##.).)...####....#
..........####.##....#..###
##.........###.##.#####...##
.#...................##.#..#
.......##........5##..#.##.#
.......##.....#.@..........######
..######..###..........#.#....>..
..# #..# ######..#............
..# ##.## ##.####.####.### .##
#..# #..###.# ###._ ..# ##.##
##.....#####8.. ..# #..#
####...##8##.. ..##### ##.#
##..#...##. ......#####.##
##..#_.....


You could see Grinder.

Vanquished Creatures
  An orc priest (D:3)
  Natasha (twice) (D:3)
  Robin (D:3)
  2 adders
  2 leopard geckos
  5 orcs (D:3)
  3 giant cockroaches
  12 goblins
  6 hobgoblins
  7 jackals
  2 quokkas (D:2)
  2 ball pythons
  9 bats
  4 frilled lizards
  7 kobolds
  13 rats
78 creatures vanquished.

Notes
Turn   | Place    | Note
-------+----------+-------------------------------------------
     0 | D:1      | Laan the Mummy Fire Elementalist began the quest for the Orb.
     0 | D:1      | Reached XP level 1. HP: 13/13 MP: 4/4
   125 | D:1      | Reached skill level 1 in Conjurations
   449 | D:1      | Reached XP level 2. HP: 11/19 MP: 2/5
   824 | D:1      | Reached skill level 3 in Fire Magic
  1557 | D:2      | Reached XP level 3. HP: 24/24 MP: 4/7
  1612 | D:2      | Found a burning altar of Makhleb.
  1675 | D:2      | Found a deep blue altar of Sif Muna.
  1676 | D:2      | Found an ancient bone altar of Kikubaaqudgha.
  1676 | D:2      | Found a radiant altar of Vehumet.
  1678 | D:2      | Identified Kikubaaqudgha's Compendium of Dark Rituals
  2401 | D:3      | Reached XP level 4. HP: 30/30 MP: 1/8
  2641 | D:3      | Noticed Robin
  2675 | D:3      | Killed Robin
  2964 | D:3      | Noticed Natasha
  2974 | D:3      | Killed Natasha
  3065 | D:3      | Noticed Natasha
  3078 | D:3      | Killed Natasha
  3078 | D:3      | Reached XP level 5. HP: 10/35 MP: 1/9
  3347 | D:3      | Reached skill level 4 in Fire Magic
  3526 | D:3      | Noticed Grinder
  3545 | D:2      | Slain by Grinder

Vault maps used:
D:1:      kilobyte_arrival_exit_the_forest
D:2:      grunt_temple_overflow_magic_moments, overflow_temple_1_default
D:3:      first_bread, corexii_leaking_fountain, uniq_robin, uniq_natasha,
          uniq_grinder

Skill      XL: |  1  2  3  4  5 |
---------------+----------------+-----
Conjurations   | 1 2 3 |  3.0
Fire Magic     | 3 4 |  4.0
Dodging        | |  1.5
Stealth        | |  1.5
Spellcasting   | |  2.6

Action                   |  1- 3 |  4- 6 || total
-------------------------+-------+-------++-------
Melee: Hand axe          |    39 |    18 ||    57
 Cast: Flame Tongue      |    71 |    55 ||   126
Armor: Robe              |    22 |     8 ||    30
Dodge: Dodged            |    50 |    27 ||    77
